 Dungeon Crawl Stone Soup version 0.20.0-7-g3b7b877 (webtiles) character file.

53 shpingle the Grave Robber (level 3, -3/14 HPs)
             Began as a Felid Necromancer on May 29, 2017.
             Killed by divine providence
             ... invoked by an orc priest
              (16 damage)
             ... on level 3 of the Dungeon.
             The game lasted 00:14:31 (3191 turns).

shpingle the Grave Robber (Felid Necromancer)       Turns: 3191, Time: 00:14:31

Health: -3/14      AC:  1    Str:  4    XL:     3   Next: 62%
Magic:  3/7        EV: 19    Int: 17    God:
Gold:   89         SH:  0    Dex: 16    Spells: 1/6 levels left
                                        Lives:  0   Deaths: 1

rFire    . . .     SeeInvis +     - Unarmed
rCold    . . .     Gourm    .   (shield unavailable)
rNeg     . . .     Faith    .   (armour unavailable)
rPois    .         Spirit   .   (helmet unavailable)
rElec    .         Reflect  .   (cloak unavailable)
rCorr    .         Harm     .   (gloves unavailable)
MR       .....                  (boots unavailable)
Stlth    +++.......             (no amulet)
Regen    0.1/turn               (no ring)
MPRegen  0.1/turn               (no ring)

@: quick
A: no armour, no weapons or thrown items, stealth, claws 1, fangs 3, see
invisible, carnivore 3, speed 1, shaggy fur 1, slow metabolism 1, sharp paws
a: no special abilities


You were on level 3 of the Dungeon.
You were very full.

You visited 1 branch of the dungeon, and saw 3 of its levels.

You collected 89 gold pieces.

Inventory:

Scrolls
 c - a scroll of fear {unknown}
 h - a scroll of enchant armour {unknown}
 j - 2 scrolls of identify {unknown}
 l - a scroll of remove curse {unknown}
Potions
 d - 2 potions of heal wounds
 k - a potion of curing {unknown}
 n - a potion of mutation {unknown}
Books
 a - a book of Necromancy

   Spells                             Type                      Level
   a - Pain                           Necromancy                   1
   b - Animate Skeleton               Necromancy                   1
   c - Vampiric Draining              Necromancy                   3
   d - Regeneration                   Charms/Necromancy            3
   e - Animate Dead                   Necromancy                   4
   f - Control Undead                 Necromancy                   4
Comestibles
 b - 2 meat rations
 g - 2 royal jellies


   Skills:
 + Level 4.2 Dodging
 - Level 2.6 Stealth
 + Level 2.2 Unarmed Combat
 - Level 2.0 Spellcasting
 + Level 4.7 Necromancy


You had one spell level left.
You knew the following spells:

 Your Spells              Type           Power        Failure   Level  Hunger
a - Pain                  Necr           ###.         2%          1    #......
b - Regeneration          Chrm/Necr      #.........   22%         3    ###....
z - Animate Skeleton      Necr           N/A          2%          1    #......


Dungeon Overview and Level Annotations

Branches:
Dungeon (3/15)

Altars:
Elyvilon


Innate Abilities, Weirdness & Mutations

You cannot wear armour.
You are incapable of wielding weapons or throwing items.
Your paws allow you to move quietly. (Stealth)
You have sharp claws.
You have razor-sharp teeth.
You have supernaturally acute eyesight. (SInv)
You are carnivorous and can eat meat at any time.
You cover ground quickly.
You are covered in fur. (AC +1)
You have a slow metabolism.
Your sharp claws are effective at attacking unaware monsters.


Message History

Eating a chunk of flesh.
You eat the chunk of flesh.
This raw flesh tastes great.
You swap places.
You open the door.
There is an open door here.
Found a stone staircase leading down.
You regained 2 mp, and now have 2/7 mp.
Unknown command.
The orc priest is too close now for your liking.
The orc priest shouts!
You completely miss the orc priest. The orc priest misses you.
Casting: Animate Skeleton
Confirm with . or Enter, or press ? or * to list all spells.
Aiming: Pain
Press: ? - help, Shift-Dir - straight line, f - orc priest
Aim: an orc priest (chance to defeat MR: 76%)
The orc priest writhes in agony!
The orc priest invokes the aid of Beogh against you.
Beogh smites you!
Ouch! That really hurt!
You die...

█..........█
███.███....█ █.█
█....█ █.█ █....█
██████████.█ █....█
█..........█ █....█
█.██████.███████..█
█.█ █..Z.......█


██'████ █.██████@..█ ......█ █.█ █o..█ ...Z..█ █.█ █...█ ......█ █Z█ █...█
......███.██████.... .............>....[██ .████████..█........ . █............
. █........ You could see an orc priest and a friendly orc skeleton.

Vanquished Creatures
  5 adders (D:2)
  A worm (D:2)
  2 leopard geckos (D:2)
  5 orcs
  5 giant cockroaches
  2 goblins
  7 hobgoblins
  3 jackals (D:1)
  A ball python (D:1)
  6 bats
  2 frilled lizards (D:1)
  6 kobolds
  5 rats (D:2)
50 creatures vanquished.

Vanquished Creatures (collateral kills)
  2 bats (D:1)
  A goblin (D:1)
  A hobgoblin (D:1)
4 creatures vanquished.

Grand Total: 54 creatures vanquished

Notes
Turn   | Place    | Note
-------+----------+-------------------------------------------
     0 | D:1      | shpingle the Felid Necromancer began the quest for the Orb.
     0 | D:1      | Reached XP level 1. HP: 7/7 MP: 4/4
   177 | D:1      | Reached skill level 3 in Dodging
   338 | D:1      | Reached XP level 2. HP: 9/11 MP: 3/6
   418 | D:1      | Learned a level 1 spell: Animate Skeleton
  1579 | D:2      | Reached XP level 3. HP: 12/14 MP: 5/7
  2088 | D:2      | Learned a level 3 spell: Regeneration
  2150 | D:2      | Reached XP level 4. HP: 18/18 MP: 8/8
  2762 | D:3      | Found a white marble altar of Elyvilon.
  2972 | D:3      | Slain by an orc wizard
  2973 | D:3      | Reached XP level 3. HP: -1/14 MP: 0/7
  3191 | D:3      | Killed from afar by an orc priest

Skill      XL: |  1  2  3 |
---------------+----------+-----
Dodging        | 3 4 |  4.2
Unarmed Combat | 1 2 |  2.2
Stealth        | |  2.6
Spellcasting   | |  2.0
Necromancy     | |  4.7

Action                   |  1- 3 |  4- 6 || total
-------------------------+-------+-------++-------
Melee: Unarmed           |    43 |    16 ||    59
       Bite              |     1 |       ||     1
 Cast: Pain              |    53 |    23 ||    76
       Animate Skeleton  |    20 |     5 ||    25
       Regeneration      |     1 |     5 ||     6
  Use: Potion            |       |     2 ||     2
 Stab: Sleeping          |     9 |     5 ||    14
       Distracted        |       |     1 ||     1
  Eat: Chunk             |    16 |     2 ||    18
Armor: Skin              |     5 |     3 ||     8
Dodge: Dodged            |    45 |    16 ||    61
